 Dungeon Crawl Stone Soup version 0.29-a0-338-g1ff7896281 (webtiles) character file.

Game seed: 10288523577501886001

233 brightshaft the Digger (level 6, -1/53 HPs)
             Began as an Ogre Earth Elementalist on Apr 17, 2022.
             Slain by a gnoll
             ... wielding a +0 spear
              (5 damage)
             ... on level 4 of the Dungeon.
             The game lasted 00:05:35 (3246 turns).

brightshaft the Digger (Ogre Earth Elementalist)    Turns: 3246, Time: 00:05:36

Health: -1/53      AC:  3    Str: 13    XL:     6   Next: 4%
Magic:  5/12       EV:  9    Int: 18    God:
Gold:   153        SH:  0    Dex:  9    Spells: 9/13 levels left

rFire   . . .      SeeInvis .   h - +2 dagger (venom)
rCold   . . .      Faith    .   (no shield)
rNeg    . . .      Spirit   .   b - +0 robe
rPois   .          Reflect  .   (helmet restricted)
rElec   .          Harm     .   (no cloak)
rCorr   .          Rampage  .   (gloves unavailable)
Will    .....                   (boots unavailable)
Stlth   +.........              (no amulet)
HPRegen 0.17/turn               (no ring)
MPRegen 0.13/turn               (no ring)

@: no status effects
A: large, unfitting armour, tough skin 1
a: no special abilities


You were on level 4 of the Dungeon.
You visited 1 branch of the dungeon, and saw 4 of its levels.

You collected 153 gold pieces.

Inventory:

Hand Weapons
 h - a +2 dagger of venom (weapon)
Missiles
 a - 107 stones
Armour
 b - a +0 robe (worn)
Jewellery
 q - a +6 ring of strength
Scrolls
 g - 2 scrolls of teleportation {@r4}
 k - 2 scrolls of amnesia {unknown}
 l - 2 scrolls of enchant armour {unknown}
 m - a scroll of fear {unknown}
 n - 2 scrolls of brand weapon {unknown}
 o - a scroll of summoning {unknown}
 r - a scroll of identify {unknown}
 s - a scroll of torment {unknown}
 t - a scroll of blinking {unknown}
Potions
 c - 3 potions of magic
 d - 2 potions of heal wounds {unknown}
 e - a potion of experience {unknown}
 f - a potion of might {unknown}
 i - 2 potions of curing {unknown}
 j - a potion of haste {unknown}
 p - 2 potions of flight {unknown}


   Skills:
 - Level 1.7 Dodging
 - Level 1.4 Stealth
 - Level 4.0 Spellcasting
 + Level 2.2 Conjurations
 - Level 0.8 Transmutations
 + Level 4.6 Earth Magic


You had 9 spell levels left.
You knew the following spells:

 Your Spells              Type           Power      Damage    Failure   Level
a - Sandblast             Erth           40%        2d10      2%          1
b - Stone Arrow           Conj/Erth      32%        3d9       11%         3

Your spell library contained the following spells:

 Spells                   Type           Power      Damage    Failure   Level
 Passwall                 Tmut/Erth      10%        N/A       7%          2
 Wereblood                Tmut           6%         N/A       16%         2
 Sublimation of Blood     Necr           3%         N/A       22%         2
 Petrify                  Tmut/Erth      13%        N/A       43%         4
 Summon Hydra             Summ           1%         N/A       100%        7


Dungeon Overview and Level Annotations

Branches:
Dungeon (4/15)
 Temple: D:4-7

Altars:
Qazlal
The Shining One


Innate Abilities, Weirdness & Mutations

You are too large for most types of armour.
You have tough skin. (AC +1)


Message History

Found a robe.
The gnoll shouts! x3
The gnoll hits you from afar with a +0 spear.
The gnoll hits you from afar with a +0 spear!
* * * LOW HITPOINT WARNING * * *
The quokka bites you.
* * * LOW HITPOINT WARNING * * *
The quokka attacks as you move away!
The quokka bites you but does no damage.
The gnoll hits the plant with a +0 spear.
The plant begins to die.
Aiming: Sandblast (safe; 2% risk of failure)
Press: ? - help, Q - select action, (/) - cycle Shift-Dir - straight line, f - quokka
Aim: a quokka (73% to hit)
The blast of sand hits the quokka.
The quokka is severely wounded.
The quokka bites you.
* * * LOW HITPOINT WARNING * * *
Aiming: Sandblast (safe; 2% risk of failure)
Press: ? - help, Q - select action, (/) - cycle Shift-Dir - straight line, f/p - quokka
Aim: a quokka (severely wounded, 73% to hit)
The blast of sand hits the quokka!
You kill the quokka!
The gnoll hits the plant with a +0 spear.
Aiming: Sandblast (safe; 2% risk of failure)
Press: ? - help, Q - select action, (/) - cycle Shift-Dir - straight line, f - gnoll
Aim: a gnoll, wielding a +0 spear (83% to hit)
The blast of sand hits the gnoll.
The gnoll is moderately wounded.
The gnoll hits you from afar with a +0 spear!
* * * LOW HITPOINT WARNING * * *
The gnoll hits the plant with a +0 spear.
Aiming: Sandblast (safe; 2% risk of failure)
Press: ? - help, Q - select action, (/) - cycle Shift-Dir - straight line, f/p - gnoll
Aim: a gnoll, wielding a +0 spear (moderately wounded, 83% to hit)
The blast of sand hits the gnoll!
The gnoll is almost dead.
A nearby plant withers and dies.
The gnoll hits you from afar with a +0 spear.
You die...

P..≈≈≈≈......[#
..≈♣≈≈♣P......#
P≈≈≈♣≈♣......##.
♣.♣≈≈≈...........
..≈≈≈♣..........#
...≈♣..gg.....#.#
♣......g#..######
......#.#### #
...P♣.#@#<#
.P......#.#
........#J#
........#)#
........#.# #8...8#
..........###.....##
#####.####.#_....._#
#......# .....#
######.# 8...8#


You could see 3 gnolls.

Vanquished Creatures
  A hound (D:4)
  2 orc priests
  2 orc wizards
  4 adders (D:3)
  3 dart slugs (D:1)
  A worm (D:3)
  5 orcs
  3 bats
  3 endoplasms (D:3)
  2 giant cockroaches (D:3)
  4 goblins
  4 hobgoblins
  3 quokkas
  3 ball pythons
  7 kobolds
  6 rats
53 creatures vanquished.

Vanquished Creatures (others)
  6 plants (D:4)
6 creatures vanquished.

Grand Total: 59 creatures vanquished

Notes
Turn   | Place    | Note
-------+----------+-------------------------------------------
     0 | D:1      | brightshaft the Ogre Earth Elementalist began the quest for
                  | the Orb.
     0 | D:1      | Reached XP level 1. HP: 16/16 MP: 3/3
   221 | D:1      | Reached XP level 2. HP: 22/24 MP: 6/6
  1016 | D:2      | Reached XP level 3. HP: 28/31 MP: 8/8
  1375 | D:1      | Reached XP level 4. HP: 5/39 MP: 6/10
  1918 | D:2      | Learned a level 3 spell: Stone Arrow
  2017 | D:3      | Reached XP level 5. HP: 43/45 MP: 6/11
  2020 | D:3      | Reached skill level 1 in Conjurations
  2709 | D:3      | Found a faded altar of an unknown god.
  3146 | D:4      | Found a glowing golden altar of the Shining One.
  3148 | D:4      | Found a stormy altar of Qazlal.
  3154 | D:4      | Reached XP level 6. HP: 42/53 MP: 12/12
  3232 | D:4      | Noticed a water moccasin
  3246 | D:4      | Slain by a gnoll

Illustrated notes

Levels and vault maps discovered:
D:1:      scummos_arrival_simple_fountains, layout_basic
D:2:      layout_rooms, eino_curves_04
D:3:      layout_loops_ring, shapermc_ecumenical_altar_ellora,
          minmay_crystal_water
D:4:      layout_basic, nicolae_overflow_hidden_temple, serial_bayou,
          serial_bayou_pond_a, serial_bayou_pond_c, serial_bayou_crossing,
          serial_bayou_pond_b, kennysheep_potato

Skill      XL: |  1  2  3  4  5 |
---------------+----------------+-----
Spellcasting   | 3 4 |  4.0
Earth Magic    | 3 4 |  4.6
Conjurations   | 2 |  2.2
Dodging        | |  1.7
Stealth        | |  1.4
Transmutations | |  0.8

Action                   |  1- 3 |  4- 6 || total
-------------------------+-------+-------++-------
Melee: Unarmed           |    22 |       ||    22
       Dagger            |    34 |    74 ||   108
       Punch             |       |     1 ||     1
 Cast: Sandblast         |    13 |    31 ||    44
  Use: Scroll            |       |     2 ||     2
 Stab: Sleeping          |     1 |     3 ||     4
Armor: Robe              |    30 |    30 ||    60
Dodge: Dodged            |    31 |    49 ||    80

Table legend: (Time is in decaauts)
 A = Elapsed time spent in this place.
 B = Non-inter-level travel time spent in this place.
 C = Inter-level travel time spent in this place.
 D = Time resting spent in this place.
 E = Time spent auto-exploring this place.
 F = Levels seen in this place.
 G = Mean time per level.
                   A        B        C        D        E       F      G
               +--------+--------+--------+--------+--------+-----+--------+
         Total |   3247 |   3122 |    125 |      0 |   2589 |   4 |  811.8 |
       Dungeon |   3247 |   3122 |    125 |      0 |   2589 |   4 |  811.8 |
               +--------+--------+--------+--------+--------+-----+--------+

Top non-repeatable levels by time:
     D:1: 1354 daAuts
     D:3: 1118 daAuts
     D:2: 658 daAuts
     D:4: 116 daAuts
